 Dungeon Sprint DCSS version 0.28.0-62-gf88900778d (webtiles) character file.

Game seed: 2688090935934421393

0 QuandaleDingle the Cudgeller (level 3, -7/37 HPs)
             Began as a Minotaur Berserker on Mar 14, 2023.
             Was a Follower of Trog.
             Mangled by a gnoll sergeant
             ... wielding a +0 spear
              (12 damage)
             ... in the Dungeon (Sprint VI: "Thunderdome").
             The game lasted 00:00:34 (94 turns).

QuandaleDingle the Cudgeller (Minotaur Berserker)     Turns: 94, Time: 00:00:35

Health: -7/37      AC:  2    Str: 23    XL:     3   Next: 1%
Magic:  2/2        EV: 12    Int:  4    God:    Trog [*.....]
Gold:   0          SH:  0    Dex:  9    Spells: 2/2 levels left

rFire   . . .      SeeInvis .   a - +0 mace
rCold   . . .      Faith    .   (no shield)
rNeg    . . .      Spirit   .   b - +0 animal skin
rPois   .          Reflect  .   (helmet restricted)
rElec   .          Harm     .   (no cloak)
rCorr   .          Rampage  .   (no gloves)
Will    .....      NoTele   +   (no boots)
Stlth   +.........              (no amulet)
HPRegen 0.12/turn               (no ring)
MPRegen 0.08/turn               (no ring)

@: no status effects
A: horns 2, retaliatory headbutt
a: Renounce Religion, Berserk


You were in the Dungeon.
You worshipped Trog.
Trog was aware of your devotion.
You visited 1 branch

Inventory:

Hand Weapons
 a - a +0 mace (weapon)
Armour
 b - a +0 animal skin (worn)
Scrolls
 h - a scroll of blinking
Potions
 c - a potion of curing
 d - a potion of heal wounds
 e - a potion of haste
 f - 2 potions of magic
 g - a potion of berserk rage


   Skills:
 + Level 5.7 Fighting
 + Level 5.9 Maces & Flails
 + Level 3.2 Armour
 + Level 3.0 Dodging


You had 2 spell levels left.
You didn't know any spells.
Your spell library was empty.

Dungeon Overview and Level Annotations

Branches:
Dungeon (1/1)

Altars:
Dithmenos
Gozag
Kikubaaqudgha
Makhleb
Qazlal
Trog
Uskayaw
Vehumet
Wu Jian
Yredelemnul
Zin
Beogh

Shops:
D **[(!!!!


Innate Abilities, Weirdness & Mutations

You have a pair of horns on your head.
You reflexively headbutt those who attack you in melee.


Message History

The hound is almost dead.
The hound bites you. x2
You sock the hound!
You kill the hound!
Trog accepts your kill.
Your Fighting skill gained 2 levels and is now at level 5!
Your Maces & Flails skill gained 2 levels and is now at level 5!
Your Armour skill increases to level 3!
Your Dodging skill increases to level 3!
You have reached level 2!
You have reached level 3!
Your experience leads to an increase in your attributes!
Increase (S)trength, (I)ntelligence, or (D)exterity?
You feel stronger. x2
Okay, then.
You see here a hound corpse.
There are no objects that can be picked up here. a hound corpse Unknown command.
Nothing quivered!
A gnoll sergeant comes into view. It is wielding a +0 spear.
The gnoll sergeant shouts!
The gnoll sergeant hits you from afar with a +0 spear!
* * * LOW HITPOINT WARNING * * *
The gnoll sergeant hits you with a +0 spear!
* * * LOW HITPOINT WARNING * * *
The gnoll sergeant completely misses you.
You furiously retaliate!
You headbutt the gnoll sergeant. You barely miss the gnoll sergeant.
The gnoll sergeant is lightly wounded.
The gnoll sergeant closely misses you.
A gnoll comes into view. It is wielding a +0 club.
The gnoll sergeant closely misses you. The gnoll sergeant misses you.
The gnoll shouts!
You hit the gnoll sergeant.
You headbutt the gnoll sergeant, but do no damage.
The gnoll sergeant is moderately wounded.
The gnoll sergeant hits you with a +0 spear!
You die...

#.8.. ......8.######
..... #g.....___∩##
...8. #.8........∩###
.....###.............##
#...###..........⌠#
#.<.# #..........⌠#
#...###..........⌠#
...###.............##
...8. #.8..g@....∩###
......###.†.....__∩##
#.8.........8.######
#⌠...........⌠#
###.........###
#_......._# #_......._#
#_......._# #∩.......∩#


You could see a gnoll sergeant and a gnoll.

Vanquished Creatures
  A hound (D)
1 creature vanquished.

Notes
Turn   | Place    | Note
-------+----------+-------------------------------------------
     0 | D        | QuandaleDingle the Minotaur Berserker began the quest for
                  | the Orb.
     0 | D        | Reached XP level 1. HP: 19/19 MP: 0/0
     1 | D        | Found a burning altar of Makhleb.
     1 | D        | Found a glowing silver altar of Zin.
     3 | D        | Found a bloodstained altar of Trog.
     3 | D        | Found a basalt altar of Yredelemnul.
     4 | D        | Found Zechycidi's Distillery.
     4 | D        | Found a hide-covered altar of Uskayaw.
     4 | D        | Found Zakhich's Do-It-Yourself Clinic.
     5 | D        | Found Mixup's Distillery.
     5 | D        | Found Rahady's Bottled Wisdom.
     5 | D        | Round 1.
    18 | D        | Found a stormy altar of Qazlal.
    24 | D        | Found an ancient bone altar of Kikubaaqudgha.
    24 | D        | Noticed a hound
    25 | D        | Found a radiant altar of Vehumet.
    25 | D        | Found Zueriq's Weapon Rack.
    27 | D        | Found a shadowy altar of Dithmenos.
    27 | D        | Found an opulent altar of Gozag.
    27 | D        | Found an ornate altar of the Wu Jian Council.
    27 | D        | Found Raycs's Premium Goods.
    28 | D        | Found Raleytesk's Basic Armour.
    28 | D        | Found Ubaich's Miscellaneous Merchandise.
    33 | D        | Killed a hound
    34 | D        | Reached skill level 5 in Fighting
    34 | D        | Reached skill level 5 in Maces & Flails
    34 | D        | Reached XP level 2. HP: 11/30 MP: 1/1
    34 | D        | Reached XP level 3. HP: 13/37 MP: 2/2
    83 | D        | Noticed a gnoll sergeant
    94 | D        | Mangled by a gnoll sergeant

Illustrated notes

Levels and vault maps discovered:
D:        arena_sprint

Skill      XL: |  1 |
---------------+----+-----
Fighting       | 5 |  5.7
Maces & Flails | 5 |  5.9
Armour         | 3 |  3.2
Dodging        | 3 |  3.0

Action                   || total
-------------------------++-------
Melee: Mace              ||     5
       Headbutt          ||     2
Armor: Animal skin       ||     1
Dodge: Dodged            ||     7
